 Dungeon Crawl Stone Soup version 0.29.1-12-g30fa7ad0bf (webtiles) character file.

Game seed: 16881845804934011794

539 FexLirch the Purveyor of Pain (level 7, -1/36 HPs)
             Began as a Vampire Necromancer on Jan 2, 2023.
             Was an Initiate of Kikubaaqudgha.
             Killed by divine providence
             ... invoked by an orc priest
              (16 damage)
             ... on level 5 of the Dungeon.
             The game lasted 00:14:20 (4281 turns).

FexLirch the Purveyor of Pain (Vampire Necromancer) Turns: 4281, Time: 00:14:20

Health: -1/36      AC:  4    Str: 13    XL:     7   Next: 5%
Magic:  0/13       EV: 11    Int: 25    God:    Kikubaaqudgha [......]
Gold:   122        SH:  4    Dex: 15    Spells: 2/15 levels left

rFire   . . .      SeeInvis +   p - +2 dagger (freeze)
rCold   + + .      Faith    .   D - +0 buckler
rNeg    + + +      Spirit   .   i - +0 leather armour
rPois   ∞          Reflect  .   (no helmet)
rElec   .          Harm     .   (no cloak)
rCorr   .          Rampage  .   J - +0 pair of gloves
Will    .....                   (no boots)
Stlth   ++++......              (no amulet)
HPRegen 0.00/turn               m - +6 ring of intelligence
MPRegen 0.13/turn               G - +6 ring of strength

@: bloodless, inhibited regen
A: bloodless, fangs 3, see invisible, vampiric 2
a: Bat Form, Revivify, Renounce Religion


You were on level 5 of the Dungeon.
You worshipped Kikubaaqudgha.
Kikubaaqudgha was noncommittal.
You visited 2 branches of the dungeon, and saw 6 of its levels.

You collected 182 gold pieces.
You spent 60 gold pieces at shops.

Inventory:

Hand Weapons
 e - a +0 club
 p - a +2 dagger of freezing (weapon)
 v - a +3 whip
Missiles
 w - 2 throwing nets
 x - 6 poisoned darts
 y - 6 boomerangs
Armour
 a - a +0 robe
 i - a +0 leather armour (worn)
 D - a +0 buckler (worn)
 J - a +0 pair of gloves (worn)
Jewellery
 m - a +6 ring of intelligence (left hand)
 F - the ring of Xiumejox {Ice rPois}
   (You found it on level 4 of the Dungeon)

   [ring of ice]

   It enhances your ice magic.
   rF:        It makes you vulnerable to fire.
   rC:        It protects you from cold.
   rPois:     It protects you from poison.
 G - a +6 ring of strength (right hand)
Scrolls
 c - 2 scrolls of teleportation
 h - 2 scrolls of fear {unknown}
 j - 3 scrolls of vulnerability {unknown}
 l - 2 scrolls of amnesia {unknown}
 n - a scroll of enchant armour {unknown}
 u - a scroll of magic mapping {unknown}
 z - a scroll of noise {unknown}
 A - a scroll of summoning {unknown}
 B - a scroll of torment {unknown}
 C - a scroll of silence {unknown}
 E - a scroll of enchant weapon {unknown}
 H - 2 scrolls of identify
Potions
 b - a potion of magic
 d - 2 potions of lignification {unknown}
 f - 4 potions of brilliance
 g - a potion of mutation {unknown}
 k - 2 potions of resistance {unknown}
 o - 2 potions of might {unknown}
 q - a potion of haste {unknown}
 s - a potion of ambrosia {unknown}
 t - 2 potions of invisibility {unknown}
 I - a potion of flight {unknown}


   Skills:
 - Level 2.1 Dodging
 - Level 3.0 Stealth
 + Level 2.2 Shields
 + Level 4.6 Spellcasting
 + Level 6.8 Necromancy
 + Level 1.7 Earth Magic


You had 2 spell levels left.
You knew the following spells:

 Your Spells              Type           Power      Damage    Failure   Level
a - Necrotise             Necr           100%       1d9       1%          1
b - Vampiric Draining     Necr           39%        2d8       2%          3
c - Animate Dead          Necr           39%        N/A       9%          4
d - Borgnjor's Vile Clut  Necr/Erth      13%        N/A       56%         5

Your spell library contained the following spells:

 Spells                   Type           Power      Damage    Failure   Level
 Sandblast                Erth           28%        2d8       8%          1
 Foxfire                  Conj/Fire      20%        2x1d5     16%         1
 Passwall                 Tmut/Erth      8%         N/A       16%         2
 Agony                    Necr           39%        N/A       26%         5
 Stone Arrow              Conj/Erth      20%        3d8       30%         3
 Confusing Touch          Hex            5%         N/A       41%         3
 Conjure Flame            Conj/Fire      5%         6-21      41%         3
 Inner Flame              Hex/Fire       5%         N/A       41%         3
 Flame Wave               Conj/Fire      5%         2d5       83%         4
 Alistair's Intoxication  Tmut/Pois      3%         N/A       99%         5
 Yara's Violent Unravell  Hex/Tmut       2%         3d3       99%         5
 Eringya's Noxious Bog    Tmut/Pois      2%         N/A       100%        6
 Enfeeble                 Hex            2%         N/A       100%        7


Dungeon Overview and Level Annotations

Branches:
Dungeon (5/15)             Temple (1/1) D:4

Altars:
Ashenzari
Cheibriados
Fedhas
Gozag
Hepliaklqana
Kikubaaqudgha
Makhleb
Nemelex Xobeh
Qazlal
Sif Muna
Vehumet
Wu Jian
Xom
Yredelemnul

Shops:
D:4 ?


Innate Abilities, Weirdness & Mutations

You do not regenerate when monsters are visible.
You are frail without blood (-20% HP).
You can heal yourself when you bite living creatures.
You are immune to poison.
You have razor-sharp teeth.
You have supernaturally acute eyesight. (SInv)
You are afflicted with vampirism and can become a bat while bloodless.


Message History

You feel better.
Your reaping aura is weakening.
The orc priest closely misses you. The orc barely misses you.
You hit the orc priest. You freeze the orc priest.
The orc priest is moderately wounded.
Your orc zombie hits the orc.
The orc hits your orc zombie with a +0 trident.
The orc priest calls upon Beogh to heal the orc.
The orc is healed somewhat.
Your orc zombie barely misses the orc.
You barely miss the orc priest. Your bite misses the orc priest.
The orc priest is moderately wounded.
The orc priest closely misses you.
You closely miss the orc priest.
The orc priest is moderately wounded.
The orc barely misses your orc zombie.
The orc priest mumbles some strange prayers to Beogh against you.
Beogh smites you!
* * * LOW HITPOINT WARNING * * *
Your orc zombie hits the orc priest.
You feel better.
Your reaping aura expires.
The orc hits your orc zombie with a +0 trident!
Your orc zombie is destroyed!
The orc priest hits you with a +0 club.
* * * LOW HITPOINT WARNING * * *
You feel better.
The orc priest looks braver for a moment.
Casting: Vampiric Draining (dangerous; 2% risk of failure)
Confirm with . or Enter, or press ? or * to list all spells.
Aiming: Necrotise (safe; 1% risk of failure)
Press: ? - help, Shift-Dir - straight line, f - orc priest
Aim: an orc priest, wielding a +0 club (moderately wounded, chance to affect: 83%)
The orc priest writhes in agony.
You block the orc's attack.
The orc priest attacks as you move away!
The orc priest hits you with a +0 club.
The orc priest mumbles some strange prayers to Beogh against you.
Beogh smites you!
You die...
Kikubaaqudgha rasps: "You have failed me!
Welcome... oblivion!"

.. #o. ..# .. ###
#o######.# ). ..#
#o#.oo...# .# #.#
##.#.###).# ^### #.#
#oo..#....# >..#
#.#########o#.##
...####..........o..#
###...###...#####.#.#####
.#.....#.###.##.@.......#
..#...#...#(..#.##.####.#
..#####...#...#.##.####.#
..#...#...#...#....#....#
.#.....#.###.#.########.###
###...###...##............#
.#.###.#.....#.########.#.#
#...#...#...#.<# #.#.#
#...#...#####.## #...#


You could see an orc priest and an orc.

Vanquished Creatures
  An ogre (D:4)
  A scorpion (D:4)
  A hound (D:4)
  A jelly (D:4)
  An iguana (D:4)
  6 adders
  7 gnolls
  A worm (D:4)
  2 dart slugs
  10 orcs
  5 ball pythons
  4 endoplasms
  6 giant cockroaches
  12 goblins
  12 hobgoblins
  5 kobolds
  3 quokkas
  3 bats
  4 frilled lizards
  7 rats
92 creatures vanquished.

Vanquished Creatures (collateral kills)
  A hound (D:4)
  2 iguanas (D:4)
  An endoplasm (D:2)
  A rat (D:3)
5 creatures vanquished.

Vanquished Creatures (others)
  An orc zombie (D:5)
1 creature vanquished.

Grand Total: 98 creatures vanquished

Notes
Turn   | Place    | Note
-------+----------+-------------------------------------------
     0 | D:1      | FexLirch the Vampire Necromancer began the quest for the
                  | Orb.
     0 | D:1      | Reached XP level 1. HP: 13/13 MP: 3/3
   480 | D:1      | Reached XP level 2. HP: 19/19 MP: 0/5
  1239 | D:2      | Reached skill level 5 in Necromancy
  1239 | D:2      | Gained mutation: You are afflicted with vampirism and can
                  | become a bat while bloodless. [Vampire growth]
  1239 | D:2      | Reached XP level 3. HP: 24/24 MP: 4/7
  1676 | D:2      | Reached XP level 4. HP: 24/24 MP: 4/8
  2109 | D:3      | Reached XP level 5. HP: 25/28 MP: 0/10
  2250 | D:3      | Found a faded altar of an unknown god.
  2723 | D:3      | Reached skill level 6 in Necromancy
  2862 | D:4      | Reached skill level 1 in Shields
  2864 | D:4      | Reached XP level 6. HP: 28/32 MP: 1/12
  2869 | D:4      | Learned a level 3 spell: Vampiric Draining
  2874 | D:4      | Learned a level 4 spell: Animate Dead
  2880 | D:4      | Learned a level 5 spell: Borgnjor's Vile Clutch
  3023 | D:4      | Found a staircase to the Ecumenical Temple.
  3033 | Temple   | Entered the Ecumenical Temple
  3154 | Temple   | Became a worshipper of Kikubaaqudgha
  3362 | D:4      | Found a broken altar of Ashenzari.
  3404 | D:4      | Reached skill level 1 in Earth Magic
  3604 | D:4      | Found Xeebb's Magic Scroll Boutique.
  3612 | D:4      | Bought a scroll of teleportation for 36 gold pieces
  3612 | D:4      | Bought a scroll of identify for 24 gold pieces
  3677 | D:4      | Reached XP level 7. HP: 36/36 MP: 3/13
  3690 | D:4      | Identified the ring of Xiumejox {Ice rPois}
  3730 | D:5      | Entered Level 5 of the Dungeon
  4281 | D:5      | Killed from afar by an orc priest

Illustrated notes

Levels and vault maps discovered:
D:1:      minmay_arrival_four_circles, layout_loops_corners,
          nicolae_concentric_dashed_squares_mild
D:2:      layout_rooms
D:3:      layout_basic, lemuel_coloured_pillars_altar, basic_ecumenical_altar,
          minmay_misc_feat_room, minmay_circle_x
D:4:      layout_cave_pools, ashenzari_conservatory_becter,
          minmay_temple_entry_glassed_door, serial_shops, shop, chequers_garden
D:5:      nicolae_cairo_tiling, layout_basic
Temple:   dpeg_five_rooms_temple

Skill      XL: |  1  2  3  4  5  6 |
---------------+-------------------+-----
Necromancy     | 5 6 |  6.8
Spellcasting   | 3 4 |  4.6
Shields        | 1 2 |  2.2
Earth Magic    | 1 |  1.7
Dodging        | |  2.1
Stealth        | |  3.0

Action                   |  1- 3 |  4- 6 |  7- 9 || total
-------------------------+-------+-------+-------++-------
Melee: Club              |     5 |       |       ||     5
       Dagger            |       |    12 |    12 ||    24
       Bite              |       |     3 |     2 ||     5
 Cast: Necrotise         |    64 |   100 |     7 ||   171
       Vampiric Draining |       |     2 |     4 ||     6
       Animate Dead      |       |     2 |     1 ||     3
       Borgnjor's Vile C |       |       |     1 ||     1
 Abil: Exsanguinate      |     1 |       |       ||     1
  Use: Scroll            |       |     2 |       ||     2
       Potion            |       |       |     3 ||     3
Armor: Leather armour    |     3 |     7 |       ||    10
Dodge: Dodged            |    15 |    19 |     7 ||    41
Block: Buckler           |       |     4 |     4 ||     8
